nasdbnsnakdb, neutral female scurrid Tourist ---------------- |..............| |..............| ----------- |.....?>.......| | | ------.-------|.#####################`##### | | ########### -------.-----# | | # |`.........`|# | .# ### |.....`.....|# | < |# # |...-----...|# --+--------# ---.------ |.. |.{.....|# ## # |......*.| | |{@@|`..+# # # |.........########## | |.{.|...|############################# |........| # | -----...|# # ###--.--.- |.........############| ...|### # #. | |.......^| #. ..`| # ########## | | |........| #------------- ###---.-.--|--- | | ---------- ###################+ | ------- | | ------------ nasdbnsnakdb the Rambler Experience level: 1 Strength: 11 Dexterity: 11 Constitution: 14 Intelligence: 12 Wisdom: 8 Charisma: 19 Health: 0(13) Energy: 2(2) Def: 0 Gold: 656 Moves: 101 Dungeon seed: FVmPyajjs5lDDjq4 Game ID: nasdbnsnakdb_1528521308 Your Inventory: Coins $ - 656 gold pieces Weapons a - 45 uncursed +2 darts (in quiver) Armor e - an uncursed +0 Hawaiian shirt (being worn) Comestibles b - 3 uncursed tripe rations c - an uncursed egg d - an uncursed tin of spinach f - an uncursed food ration g - an uncursed tin of jackal meat h - an uncursed cream pie i - an uncursed chestnut j - an uncursed pear Scrolls m - 2 uncursed scrolls of magic mapping Potions k - an uncursed potion of extra healing s - 2 uncursed potions of hallucination Wands q - an uncursed wand of secret door detection (0:12) Tools o - an uncursed expensive camera (0:39) p - an uncursed credit card r - an uncursed towel Spells and supernatural/magical abilities: Name Level Category Fail Memory W - pray for help -- divine ? -- Your skills at the end: Miscellaneous Skills wands [Basic] Weapon Skills dart [Basic] Spellcasting Skills Final Attributes: You were devoutly aligned. Your writing paw was ok. You had infravision. You were very stealthy. You are dead. Voluntary challenges: You went without food. You did not adorn yourself with jewelry or accessories. You did not cause conflict. You were not invisible. You did not have reflection. You were not displaced. You were an atheist. You never hit with a wielded weapon. You were a pacifist. You did not use tools. You did not use plumbed fixtures. You read items or engraved 3 times, starting on turn 41. You never genocided any monsters. You never polymorphed an object. You never changed form. You used no wishes. You never split a pudding. You wrote Elbereth's name 1 time, starting on turn 41. You violated your moral code, losing 1 point of alignment, starting on turn 101. Dungeon overview: The Dungeons of Doom: levels 1 to 8 Level 1 a long staircase Level 2 Level 3 Level 4 Level 5 Level 6 Level 7 <- You were here many fountains Level 8 a long staircase History has recorded: On T:1 you entered the Dungeons of Doom to retrieve the Amulet of Yendor! On T:7 you reached level 2 of The Dungeons of Doom. On T:14 you reached level 3 of The Dungeons of Doom. On T:20 you reached level 4 of The Dungeons of Doom. On T:26 you reached level 5 of The Dungeons of Doom. On T:32 you reached level 6 of The Dungeons of Doom. On T:38 you reached level 7 of The Dungeons of Doom. On T:45 you reached level 8 of The Dungeons of Doom. Score breakdown: Gold: 0 ( 0 points) Experience: 1 level ( 0 points) Exploration: 8 levels ( 210 points) Discoveries: 1 item ( 50 points) Variety of kills: 0 monsters ( 0 points) Major goal: (nothing yet) ( 0 points) Survival: died (score multiplied by 3) Total score: 780 Latest messages: As you read the scroll, it disappears. A map coalesces in your mind! The door opens. You start chewing a hole in the rock. You continue digging. You continue chewing on the rock. You make an opening in the wall. With great effort you move the boulder. You try to move the boulder, but in vain. You start chewing on a boulder. The boulder seems to resist your efforts. You start chewing a hole in the rock. You continue digging. You continue chewing on the rock. You make an opening in the wall. s - a white potion. (2x) "Aloha, nasdbnsnakdb, welcome to Delphi!" You miss it. You hesitate for a moment, bothered by your conscience. The Oracle gets angry! You are hit by magic missiles appearing from thin air! You die... Final status: Aloha nasdbnsnakdb the Tourist, killed by the Oracle... You died in The Dungeons of Doom on dungeon level 7 with 780 points, and 656 pieces of gold, after 101 moves. You were level 1 with a maximum of 13 hit points when you died.